 Dungeon Crawl Stone Soup version 0.18-a0-1637-g109f206 (webtiles) character file.

627 syage the Chopper (level 7, -4/63 HPs)
             Began as a Minotaur Fighter on Mar 26, 2016.
             Slain by an ogre
             ... wielding a +0 giant spiked club
              (11 damage)
             ... on level 5 of the Dungeon.
             The game lasted 00:12:17 (3334 turns).

syage the Chopper (Minotaur Fighter)                Turns: 3334, Time: 00:12:18

Health: -4/63      AC:  7    Str: 23    XL:     7   Next: 23%
Magic:  6/6        EV:  9    Int:  5    God:
Gold:   253        SH: 10    Dex:  9    Spells: 0 memorised, 6 levels left

rFire  . . .     SeeInvis .     a - +0 war axe
rCold  . . .     Gourm    .     b - +0 scale mail
rNeg   . . .     Faith    .     c - +1 shield
rPois  .         Spirit   .     (helmet restricted)
rElec  .         Dismiss  .     (no cloak)
rCorr  .         Reflect  .     (no gloves)
SustAt .         Harm     .     (no boots)
MR     .....                    D - amulet of magic regeneration
Stlth  ..........               (no ring)
                                n - +2 ring of evasion

@: not resistant to hostile enchantments, extremely unstealthy
A: retaliatory headbutt, horns 2
a: no special abilities


You were on level 5 of the Dungeon.
You were not hungry.

You visited 1 branch of the dungeon, and saw 5 of its levels.

You collected 253 gold pieces.

Inventory:

Hand Weapons
 a - a +0 war axe (weapon)
 r - a +0 hunting sling of flaming
 v - a cursed -3 mace
Armour
 b - a +0 scale mail (worn)
 c - a +1 shield (worn)
 k - a +0 leather armour
Jewellery
 n - a +2 ring of evasion (left hand)
 D - an amulet of magic regeneration (around neck)
Wands
 A - a wand of confusion (7/48)
Scrolls
 h - 3 scrolls of teleportation
 i - a scroll of random uselessness
 l - 4 scrolls of enchant armour
 m - a scroll of blinking
 o - 5 scrolls of identify
 u - 2 scrolls of recharging
 w - a scroll of remove curse
 x - a scroll of immolation {unknown}
 y - a scroll of fear {unknown}
Potions
 d - a potion of might
 e - 3 potions of haste {unknown}
 j - a potion of flight {unknown}
 p - a potion of brilliance {unknown}
 q - 2 potions of curing {unknown}
 t - a potion of heal wounds {unknown}
 z - a potion of invisibility {unknown}
 C - a potion of mutation {unknown}
Comestibles
 f - 8 bread rations
 g - 3 beef jerkies
 s - 2 meat rations
 B - 3 fruits
 E - 3 chunks of flesh


   Skills:
 + Level 6.2 Fighting
 * Level 7.0 Axes
 + Level 5.4 Armour
 - Level 3.9 Shields


You had 6 spell levels left.
You didn't know any spells.

Dungeon Overview and Level Annotations

Branches:
Dungeon (5/15)
 Temple: D:4-7

Altars:
Nemelex Xobeh
Xom


Innate Abilities, Weirdness & Mutations

You reflexively headbutt those who attack you in melee.
You have a pair of horns on your head.


Message History

The ogre barely misses you.
Found a long sword.
You completely miss the ogre. You hit the ogre. You headbutt the ogre.
The ogre is moderately wounded.
The ogre hits you with a giant spiked club!
You closely miss the ogre.
The ogre is moderately wounded.
The ogre hits you with a giant spiked club!!
* * * LOW HITPOINT WARNING * * *
You completely miss the ogre.
The ogre is moderately wounded.
You block the ogre's attack.
You closely miss the ogre.
The ogre is moderately wounded.
The ogre barely misses you.
You hit the ogre.
The ogre is moderately wounded.
The ogre hits you with a giant spiked club!
You die...

#.......#...###.#.
#.......#...##..##
#.......##..#...##
#.....(.#.......'.
#.......#...#...##
+.......'...##..##
##+###.......##..###.#.
#.......##'####..'.##..
#....O@.'........###...
#.......#........##....
#.......#....###.#.....
#.......###+##.........
#......................
#......................
..###+###...............
.) #......########.
#......#......#.


You could see an ogre.

Vanquished Creatures
  2 ogres (D:4)
  A centaur (D:5)
  2 hounds
  2 orc wizards
  A giant frog skeleton (D:5)
  An iguana (D:4)
  2 worker ants (D:5)
  A mummy (D:5)
  3 adders
  3 oozes
  3 worms (D:3)
  3 dart slugs
  3 giant geckos
  13 orcs
  3 ball pythons
  4 bats
  3 giant cockroaches
  6 goblins
  6 hobgoblins
  6 jackals
  2 quokkas
  4 giant newts
  A jackal skeleton (D:4)
  9 kobolds
  2 kobold zombies (D:5)
  10 rats
96 creatures vanquished.

Notes
Turn   | Place    | Note
--------------------------------------------------------------
     0 | D:1      | syage the Minotaur Fighter began the quest for the Orb.
     0 | D:1      | Reached XP level 1. HP: 19/19 MP: 0/0
   113 | D:1      | Reached XP level 2. HP: 22/27 MP: 1/1
   514 | D:1      | Reached XP level 3. HP: 31/33 MP: 2/2
   747 | D:2      | Reached skill level 3 in Axes
  1533 | D:3      | Reached XP level 4. HP: 34/41 MP: 3/3
  1665 | D:3      | Found a shimmering altar of Xom.
  1668 | D:3      | Found a shimmering altar of Xom.
  1670 | D:3      | Found a shimmering altar of Xom.
  1765 | D:3      | Reached skill level 4 in Axes
  2134 | D:3      | Reached XP level 5. HP: 47/47 MP: 4/4
  2457 | D:4      | Reached skill level 5 in Fighting
  2501 | D:4      | Noticed an ogre
  2511 | D:4      | Killed an ogre
  2511 | D:4      | Reached skill level 5 in Axes
  2556 | D:4      | Noticed an ogre
  2569 | D:4      | Killed an ogre
  2569 | D:4      | Reached skill level 5 in Armour
  2569 | D:4      | Reached XP level 6. HP: 18/56 MP: 5/5
  2870 | D:4      | Reached skill level 6 in Axes
  2987 | D:5      | Entered Level 5 of the Dungeon
  3005 | D:5      | Found a sparkling altar of Nemelex Xobeh.
  3082 | D:5      | Reached XP level 7. HP: 33/62 MP: 6/6
  3188 | D:5      | Reached skill level 7 in Axes
  3273 | D:5      | Found a sand-covered staircase.
  3334 | D:5      | Slain by an ogre

Vault maps used:
D:1:      roderic_octagonal_star, kennysheep_another_room
D:2:      minmay_misc_feat_tower, hangedman_decor_lopped, minmay_misc_feat_five
D:3:      xom_redecorated, mrwooster_statue_mirror, minmay_stone_trees_small
D:5:      nicolae_ossuary_entry_giza, first_bread, nemelex_spade_bored_becter,
          uniq_prince_ribbit1

Skill      XL: |  1  2  3  4  5  6  7 |
---------------+----------------------+-----
Armour         | 4 5 |  5.4
Fighting       | 4 5 6 |  6.2
Axes           | 3 4 5 6 7 |  7.0
Shields        | |  3.9

Action                   |  1- 3 |  4- 6 |  7- 9 || total
-------------------------+-------+-------+-------++-------
Melee: War axe           |   107 |    88 |    32 ||   227
  Use: Scroll            |     5 |     1 |     1 ||     7
  Eat: Chunk             |     1 |     6 |     1 ||     8
